 Dungeon Crawl Stone Soup version 0.19.1 (webtiles) character file.

234438 inmateoo the Severer (level 19, -8/131 HPs)
             Began as an Octopode Fighter on Dec 24, 2016.
             Was the Champion of Makhleb.
             Mangled by a yaktaur captain (22 damage)
             ... on level 2 of the Vaults.
             The game lasted 01:10:38 (30588 turns).

inmateoo the Severer (Octopode Fighter)            Turns: 30588, Time: 01:10:38

Health: -8/131     AC:  8    Str: 34      XL:     19   Next: 60%
Magic:  31/31      EV: 19    Int: 13      God:    Makhleb [******]
Gold:   1480       SH: 14    Dex: 12 (13) Spells: 3 memorised, 25 levels left

rFire  + . .     SeeInvis +     n - +6 war axe (flame)
rCold  . . .     Gourm    .     Q - +0 shield of Immorality {rPois}
rNeg   + . .     Faith    .     L - +2 hat
rPois  +         Spirit   .     c - amulet of regeneration
rElec  +         Reflect  .     p - ring of stealth
rCorr  .         Harm     .     e - +5 ring of strength
MR     ++...                    y - +6 ring of strength
Stlth  ++++++++..               u - ring of Gimiost {+Fly AC+3}
                                J - ring of stealth
                                K - ring of protection from magic
                                M - ring of positive energy
                                X - +2 ring of intelligence

@: no status effects
A: almost no armour, stealthy swim, amphibious, 8 rings, constrict 8, antennae
1, tentacle spike 1, iridescent scales 1, camouflage 1, see invisible, agile 1,
deterioration 1, fire resistance 1, sense surroundings 1, electricity
resistance, gelatinous body 1, MP-powered wands
a: Minor Destruction, Lesser Servant of Makhleb, Major Destruction, Greater
Servant of Makhleb, Renounce Religion, Evoke Flight
}: 1/15 runes: gossamer


You were on level 2 of the Vaults.
You worshipped Makhleb.
Makhleb was exalted by your worship.
You were not hungry.

You visited 6 branches of the dungeon, and saw 30 of its levels.
You also visited: Labyrinth.

You collected 3167 gold pieces.
You spent 1687 gold pieces at shops.

Inventory:

Hand Weapons
 h - a +3 dagger of electrocution
 n - a +6 war axe of flaming (weapon)
 W - the +8 falchion of Red Wine {slice, *Corrode +Blink rF++ Stlth+}
   (You found it on level 3 of the Lair of Beasts)

   It inflicts extra damage upon your enemies.
   It greatly protects you from fire.
   It lets you blink.
   It may corrode you when you take damage.
   It makes you more stealthy.
Armour
 L - a +2 hat (worn)
 Q - the +0 shield of Immorality (worn) {rPois}
   (You acquired it on level 1 of the Vaults)

   It protects you from poison.
Jewellery
 c - an amulet of regeneration (around mantle)
 e - a +5 ring of strength (right tentacle)
 m - the amulet "Wireses" {RegenMP rF+}
   (You took it off a minotaur in a labyrinth)

   [amulet of magic regeneration]

   It increases your magic regeneration.
   It protects you from fire.
 p - a ring of stealth (left tentacle)
 r - an uncursed ring of fire
 t - an uncursed ring of ice
 u - the ring of Gimiost (on tentacle) {+Fly AC+3}
   (You found it in a labyrinth)

   [ring of protection]

   It affects your AC (+3).
   It lets you fly.
 y - a +6 ring of strength (on tentacle)
 J - a ring of stealth (on tentacle)
 K - a ring of protection from magic (on tentacle)
 M - a ring of positive energy (on tentacle)
 X - a +2 ring of intelligence (on tentacle)
Wands
 f - a wand of slowing (0/48)
 i - a wand of iceblast (12/15)
 s - a wand of heal wounds (4/9)
 w - a wand of iceblast (8/15)
 x - a wand of digging (6/24)
 A - a wand of polymorph (4/24)
 H - a wand of acid (5/15)
 R - a wand of hasting (1/9)
Scrolls
 a - 5 scrolls of fog
 b - a scroll of enchant armour
 C - 8 scrolls of remove curse
 D - 2 scrolls of magic mapping
 E - a scroll of recharging
 F - 4 scrolls of amnesia
 G - 9 scrolls of identify
 N - a scroll of teleportation
 S - a scroll of summoning
 T - a scroll of brand weapon
Potions
 j - 7 potions of brilliance
 k - 2 potions of resistance
 l - a potion of magic
 o - 6 potions of flight
 v - 5 potions of ambrosia
 z - a potion of cure mutation
 O - a potion of heal wounds
 P - 2 potions of haste
 V - 9 potions of curing
 Y - a potion of might
 Z - 2 potions of cancellation
Miscellaneous
 B - a lamp of fire
 I - a box of beasts
Comestibles
 d - 14 bread rations
 g - 18 meat rations
 q - 12 fruits


   Skills:
 - Level 12.0 Fighting
 - Level 8.6 Short Blades
 - Level 15.0 Axes
 - Level 12.0 Dodging
 - Level 12.8 Stealth
 - Level 12.0 Shields
 * Level 11.2 Unarmed Combat
 + Level 8.7 Spellcasting
 * Level 10.1 Transmutations
 + Level 6.6 Earth Magic
 - Level 8.0 Invocations


You had 25 spell levels left.
You knew the following spells:

 Your Spells              Type           Power        Failure   Level  Hunger
a - Regeneration          Chrm/Necr      #.........   63%         3    ##.....
b - Statue Form           Tmut/Erth      ####.....    86%         6    #######
c - Apportation           Tloc           #.........   21%         1    None


Dungeon Overview and Level Annotations

Branches:
Dungeon (15/15)            Temple (1/1) D:5            Lair (6/6) D:8
 Shoals (0/4) Lair:3       Spider (4/4) Lair:4        Slime (0/5) Lair:6
    Orc (2/2) D:12            Elf (0/3) Orc:2        Vaults (2/5) D:13
 Depths (0/5) D:15
  Crypt: Vaults:2-3

Altars:
Cheibriados
Dithmenos
Fedhas
Gozag
Kikubaaqudgha
Makhleb
Nemelex Xobeh
Okawaru
Qazlal
Sif Muna
Trog
Xom
Beogh
Jiyva

Shops:
D:11 %   Orc:1 (   Orc:2 *:![   Vaults:1 ?

Annotations:
D:15 4 runed doors
Lair:6 1 runed door


Innate Abilities, Weirdness & Mutations

You cannot wear most types of armour.
You are very stealthy in the water. (Stealth+)
You are amphibious.
You can wear up to eight rings at the same time.
You can use your tentacles to constrict eight enemies at once.
Your skin changes colour to match your surroundings (Stealth+).
Your rubbery body absorbs attacks. (AC +1, EV +1)
You have a pair of small antennae on your head.
One of your tentacles bears a spike.
You are partially covered in iridescent scales. (AC +2)
You have supernaturally acute eyesight. (SInv)
You are agile. (Dex +2)
Your body sometimes deteriorates upon taking damage.
Your flesh is heat resistant. (rF+)
You passively map a small area around you.
You are resistant to electric shocks. (rElec)
You expend magic power (3 MP) to strengthen your wands.


Message History

Unknown command.
Unknown command.
You slice the yaktaur captain!! You burn the yaktaur captain.
You pierce the yaktaur captain, but do no damage.
You tentacle-slap the yaktaur captain. You squeeze the yaktaur captain!
The yaktaur captain is severely wounded.
The yaktaur shoots a bolt.
The bolt closely misses you. You block the yaktaur captain's attack.
Unknown command.
You hit the yaktaur captain. You burn the yaktaur captain.
You pierce the yaktaur captain, but do no damage.
The yaktaur captain is severely wounded.
The yaktaur captain misses you.
The yaktaur shoots a bolt.
The bolt hits you!!
* * * LOW HITPOINT WARNING * * *
Unknown command.
You hit the yaktaur captain. You burn the yaktaur captain.
You pierce the yaktaur captain, but do no damage.
The yaktaur captain is severely wounded.
The yaktaur captain hits you!!
You die...

....+ ,, , ....# ,
#...Hc , ....# ,
,,#...c# * ....# , ,,,
#....# ....# , ,
#....# , ....# ,,,,
,#....# , *
....############....#
,,
....................#
, ,
............(.((@c..#
, ,
....#...#'#######...#,
...###..#.......#...#
..## ##.#.......#.....
, .##
*###.......#....... #
,#)......#......., , ,
# , #.......#.<..... *
, #.......#......., ,
, #.......# ,


You could see a sphinx, a yaktaur captain and 2 yaktaurs.

Vanquished Creatures
  Gastronok (Lair:3)
  Kirke (D:12)
  A fire giant (Vaults:1)
  2 vault wardens (Vaults:1)
  A ghost moth (Spider:4)
  10 emperor scorpions
  An orc warlord (Orc:1)
  3 ironheart preservers
  3 entropy weavers
  3 deep elf demonologists (Vaults:1)
  Nessos (Orc:2)
  Snorg (D:12)
  A minotaur (Lab)
  A deep elf death mage (Vaults:1)
  A fire dragon (Vaults:1)
  Harold (Lair:2)
  A great orb of eyes (Vaults:1)
  Josephine (D:11)
  7 hydras
  2 yaktaur captains (Vaults:1)
  2 ice dragons
  8 centaur warriors
  A catoblepas (Lair:6)
  3 ogre magi
  2 dancing weapons (D:13)
  8 death yaks
  A deep troll earth mage (Vaults:2)
  Urug (D:14)
  A tengu warrior (D:13)
  2 orc high priests (Orc:2)
  Sonja (D:11)
  Nergalle (D:11)
  A deep elf knight (Vaults:1)
  A shadow wraith (Vaults:1)
  3 unseen horrors
  3 deep trolls (Vaults:2)
  2 deep elf archers (Vaults:1)
  9 hill giants
  A lindwurm (Lair:6)
  8 orc knights
  8 deep elf magi
  5 ironbrand convokers (Vaults:1)
  2 harpies (Vaults:1)
  7 orc sorcerers
  19 orb spiders
  26 ugly things
  23 wolf spiders
  5 cyclopes
  2 manticores
  2 centaur zombies
  20 elephants
  4 moths of wrath
  5 vault sentinels
  6 black mambas
  Psyche (D:8)
  19 spiny frogs
  5 centaur skeletons
  3 gargoyles
  12 komodo dragons
  A torpor snail (Lair:6)
  A freezing wraith (Vaults:2)
  An efreet (D:14)
  15 yaktaurs
  A tengu conjurer (D:13)
  A redback zombie (D:15)
  6 rime drakes (Lair:6)
  9 demonic crawlers
  3 polar bears
  9 trolls
  10 hornets
  38 jumping spiders
  16 hippogriffs
  10 two-headed ogres
  12 blink frogs
  4 slime creatures (D:14)
  A dream sheep (Lair:6)
  Sigmund (D:4)
  A spriggan (Lair:5)
  83 redbacks
  51 yaks
  4 wraiths
  4 hogs (D:12)
  3 wyverns
  6 basilisks
  34 tarantellas
  A yak (shapeshifter) (D:14)
  2 hungry ghosts
  Edmund (D:6)
  4 steam dragons
  6 vampire mosquitoes
  A warg (Orc:2)
  2 mottled dragons (Vaults:1)
  A soldier ant (shapeshifter) (Vaults:1)
  3 insubstantial wisps (Lair:4)
  11 water moccasins
  7 porcupines
  A soldier ant (D:13)
  35 orc warriors
  A sky beast (D:8)
  A swamp drake (Lair:6)
  5 ice beasts
  A black bear (Spider:2)
  2 phantoms
  23 ogres
  6 wolves
  24 centaurs
  2 boggarts
  14 crocodiles
  17 bullfrogs
  A wyvern skeleton (D:14)
  8 scorpions
  15 killer bees
  A howler monkey (D:4)
  11 wights
  5 crimson imps
  A quasit (D:12)
  An iron imp (D:7)
  2 bullfrog zombies
  30 orc wizards
  Crazy Yiuf (D:2)
  21 orc priests
  2 bullfrog skeletons
  6 hounds
  2 jellies
  A gnoll shaman (D:4)
  Jessica (D:2)
  Ijyb (D:2)
  6 iguanas
  3 hell rats (D:8)
  13 worker ants
  2 killer bee zombies
  A hound skeleton (D:10)
  18 gnolls
  17 adders
  A howler monkey skeleton (D:10)
  A river rat (Lair:6)
  7 shadow imps
  An adder zombie (D:5)
  An adder skeleton (D:4)
  5 worms
  5 dart slugs
  7 leopard geckos
  93 orcs
  2 ball pythons (D:3)
  3 giant cockroaches
  10 goblins
  7 hobgoblins
  6 jackals
  3 quokkas
  9 bats
  7 frilled lizards
  A jackal skeleton (D:4)
  10 kobolds
  A leopard gecko zombie (D:6)
  2 quokka skeletons
  A quokka zombie (D:6)
  10 rats
  A fungus (Lair:6)
1136 creatures vanquished.

Vanquished Creatures (collateral kills)
  Saint Roka (Orc:2)
  A dire elephant (Lair:5)
  A fire dragon (Lair:6)
  An orc high priest (Orc:2)
  4 death yaks
  An orc knight (Orc:2)
  An orc warrior (Orc:2)
  3 orcs (Orc:2)
  A plant (Lair:6)
14 creatures vanquished.

Vanquished Creatures (others)
  A redback (Spider:1)
  An ogre (Vaults:1)
  A killer bee (D:13)
  An orc priest (Orc:2)
  An orc wizard (D:12)
  3 orcs
  A bush (Lair:6)
  57 fungi
  24 plants
90 creatures vanquished.

Grand Total: 1240 creatures vanquished

Notes
Turn   | Place    | Note
-------+----------+-------------------------------------------
     0 | D:1      | inmateoo the Octopode Fighter began the quest for the Orb.
     0 | D:1      | Reached XP level 1. HP: 16/16 MP: 1/1
   110 | D:1      | Reached XP level 2. HP: 20/21 MP: 2/2
   443 | D:1      | Reached XP level 3. HP: 25/26 MP: 3/3
   739 | D:2      | Noticed Jessica
   743 | D:2      | Killed Jessica
   743 | D:2      | Reached skill level 1 in Short Blades
   743 | D:2      | Reached skill level 3 in Axes
   743 | D:2      | Reached XP level 4. HP: 28/31 MP: 4/4
   801 | D:2      | Noticed Ijyb
   805 | D:2      | Killed Ijyb
   928 | D:2      | Reached XP level 5. HP: 36/36 MP: 5/5
  1057 | D:2      | Found a runed door.
  1155 | D:2      | Found a shimmering altar of Xom.
  1520 | D:2      | Noticed Crazy Yiuf
  1525 | D:2      | Killed Crazy Yiuf
  1579 | D:3      | Reached skill level 4 in Axes
  1685 | D:3      | Found a faded altar of an unknown god.
  1803 | D:3      | Reached XP level 6. HP: 42/42 MP: 6/6
  2293 | D:3      | Found a blossoming altar of Fedhas.
  2629 | D:4      | Gained mutation: One of your tentacles bears a spike. [potion of mutation]
  2629 | D:4      | Gained mutation: You are partially covered in iridescent scales. (AC +2) [potion of mutation]
  2629 | D:4      | Gained mutation: You are frail. (-10% HP) [potion of mutation]
  2692 | D:4      | Gained mutation: Your muscles are strong. (Str +2) [potion of mutation]
  2692 | D:4      | Gained mutation: You have a pair of small antennae on your head. [potion of mutation]
  2693 | D:4      | Gained mutation: You expend magic power (3 MP) to strengthen your wands. [potion of mutation]
  2693 | D:4      | Gained mutation: You are agile. (Dex +2) [potion of mutation]
  2859 | D:4      | Reached XP level 7. HP: 42/43 MP: 7/7
  2981 | D:4      | Noticed Sigmund
  2997 | D:4      | Killed Sigmund
  2997 | D:4      | Reached skill level 5 in Axes
  3004 | D:4      | HP: 1/44 [adder (3)]
  3532 | D:4      | Reached XP level 8. HP: 41/48 MP: 8/8
  3741 | D:5      | Entered Level 5 of the Dungeon
  3765 | D:5      | Reached skill level 6 in Axes
  3957 | D:5      | Reached skill level 5 in Fighting
  3957 | D:5      | Reached skill level 5 in Dodging
  3983 | D:5      | Found a staircase to the Ecumenical Temple.
  4019 | Temple   | Entered the Ecumenical Temple
  4034 | Temple   | Became a worshipper of Makhleb the Destroyer
  4278 | D:5      | Reached skill level 5 in Shields
  4387 | D:5      | Found an ancient bone altar of Kikubaaqudgha.
  4484 | D:6      | Noticed Edmund
  4496 | D:6      | Killed Edmund
  4541 | D:6      | Gained mutation: You are resistant to electric shocks. (rElec) [potion of mutation]
  4541 | D:6      | Lost mutation: You are frail. (-10% HP) [potion of mutation]
  4619 | D:5      | Reached XP level 9. HP: 28/61 MP: 9/9
  4621 | D:5      | Reached skill level 1 in Stealth
  4681 | D:6      | Reached skill level 7 in Axes
  5120 | D:7      | Found a snail-covered altar of Cheibriados.
  5126 | D:7      | Reached * piety under Makhleb
  5525 | D:8      | Found a staircase to the Lair.
  5553 | D:8      | Reached skill level 5 in Short Blades
  5838 | D:8      | Noticed Psyche
  5840 | D:8      | Killed Psyche
  5840 | D:8      | Reached skill level 8 in Axes
  5840 | D:8      | Reached XP level 10. HP: 68/68 MP: 10/10
  6008 | D:8      | Found a bloodstained altar of Trog.
  6124 | D:8      | Reached ** piety under Makhleb
  6661 | D:9      | Reached skill level 5 in Stealth
  6931 | D:9      | Found a shadowy altar of Dithmenos.
  7101 | D:9      | Reached skill level 9 in Axes
  7577 | D:10     | Entered Level 10 of the Dungeon
  7583 | D:10     | Reached XP level 11. HP: 75/75 MP: 11/11
  7585 | D:10     | Reached *** piety under Makhleb
  7846 | D:11     | Noticed a brown ugly thing
  7859 | D:11     | Killed a brown ugly thing
  8055 | D:11     | Paralysed by a hornet for 3 turns
  8224 | D:11     | Found Pastup Waoc's Food Emporium.
  8242 | D:11     | Noticed Sonja
  8249 | D:11     | Killed Sonja
  8308 | D:11     | Noticed Josephine
  8466 | D:11     | Noticed Nergalle
  8474 | D:11     | Killed Nergalle
  8543 | D:11     | Reached skill level 10 in Axes
  8545 | D:11     | Reached **** piety under Makhleb
  8768 | D:12     | Noticed a hill giant
  8776 | D:12     | Killed a hill giant
  8782 | D:12     | Noticed Snorg
  8792 | D:12     | Killed Snorg
  8913 | D:12     | Noticed an ice dragon
  8938 | D:12     | HP: 5/115 [ice dragon/blast of cold (17)]
  8947 | D:12     | Killed an ice dragon
  8947 | D:12     | Reached XP level 12. HP: 51/82 MP: 1/12
  9091 | D:12     | Found a staircase to the Orcish Mines.
  9122 | D:12     | Noticed Kirke
  9179 | D:12     | Killed Kirke
  9295 | D:12     | Reached skill level 11 in Axes
  9300 | D:12     | Reached ***** piety under Makhleb
  9864 | D:13     | Noticed a centaur warrior
  9875 | D:13     | Noticed a tengu warrior
 10068 | Lair:1   | Entered Level 1 of the Lair of Beasts
 10119 | Lair:1   | Noticed an eight-headed hydra
 10126 | Lair:1   | Killed an eight-headed hydra
 10312 | Lair:1   | Reached skill level 10 in Stealth
 10901 | Lair:2   | Reached XP level 13. HP: 90/90 MP: 13/13
 10995 | Lair:2   | Noticed Harold
 11020 | Lair:2   | Killed Harold
 11758 | Lair:2   | Reached skill level 12 in Axes
 11937 | Lair:3   | Noticed Gastronok
 12009 | Lair:3   | Got a brightly glowing falchion
 12010 | Lair:3   | Identified the +8 falchion of Red Wine {slice, *Corrode +Blink rF++ Stlth+} (You found it on level 3 of the Lair of Beasts)
 12108 | Lair:3   | Found a staircase to the Shoals.
 12634 | Lair:4   | Found a hole to the Spider Nest.
 12665 | Lair:4   | Reached skill level 1 in Invocations
 12742 | Lair:4   | Gained mutation: You passively map a small area around you. [potion of mutation]
 12742 | Lair:4   | Gained mutation: You are dopey. (Int -2) [potion of mutation]
 13265 | Lair:4   | Found an iron altar of Okawaru.
 13358 | Lair:4   | Learned a level 3 spell: Regeneration
 13956 | Lair:5   | Reached skill level 1 in Spellcasting
 13963 | Lair:5   | Reached XP level 14. HP: 43/98 MP: 16/16
 14191 | Lair:5   | Reached skill level 13 in Axes
 14222 | Lair:5   | Reached skill level 10 in Fighting
 14408 | Lair:5   | Noticed a dire elephant
 14442 | Lair:5   | Reached skill level 10 in Dodging
 14645 | Lair:5   | Killed a dire elephant
 14813 | Lair:6   | Entered Level 6 of the Lair of Beasts
 14924 | Lair:6   | Reached skill level 10 in Shields
 15210 | Lair:6   | Reached ****** piety under Makhleb
 15778 | Lair:6   | Reached skill level 5 in Invocations
 15796 | Lair:6   | Found a runed door.
 15839 | Lair:6   | Found a viscous altar of Jiyva.
 15839 | Lair:6   | Noticed an acid blob
 15842 | Lair:6   | Noticed an acid blob
 15896 | Lair:6   | Found a staircase to the Slime Pits.
 16764 | Lair:6   | Reached XP level 15. HP: 91/105 MP: 20/20
 17732 | Lair:3   | Killed Gastronok
 17732 | Lair:3   | Reached skill level 14 in Axes
 18182 | D:11     | Killed Josephine
 18782 | D:14     | Gained mutation: You have an increased reservoir of magic. (+10% MP) [mutagenic meat]
 18783 | D:14     | Lost mutation: You are dopey. (Int -2) [mutagenic meat]
 18821 | D:14     | Noticed Urug
 18840 | D:14     | Killed Urug
 19392 | D:15     | Entered Level 15 of the Dungeon
 19429 | D:15     | Found a labyrinth entrance.
 19435 | Lab      | Entered a labyrinth
 19752 | Lab      | Reached skill level 5 in Spellcasting
 19754 | Lab      | Got a brightly glowing amethyst amulet
 19757 | Lab      | Identified the amulet "Wireses" {RegenMP rF+} (You took it off a minotaur in a labyrinth)
 19849 | Lab      | Got a wavering pewter ring
 19851 | Lab      | Identified the ring of Gimiost {+Fly AC+3} (You found it in a labyrinth)
 19860 | Lab      | Got a smoking glaive
 19933 | D:15     | Found a huge runed gate.
 19933 | D:15     | Found a huge runed gate.
 19933 | D:15     | Found a huge runed gate.
 19939 | D:15     | Found a huge runed gate.
 20058 | D:15     | Lost mutation: Your muscles are strong. (Str +2) [mutagenic meat]
 20377 | D:13     | Reached XP level 16. HP: 108/113 MP: 26/26
 20553 | D:13     | Found a gate to the Vaults.
 20710 | Orc:1    | Entered Level 1 of the Orcish Mines
 21407 | Orc:1    | Found Cuoch's Weapon Shop.
 21435 | Orc:1    | Found a roughly hewn altar of Beogh.
 21574 | Orc:2    | Entered Level 2 of the Orcish Mines
 21575 | Orc:2    | Found a staircase to the Elven Halls.
 21578 | Orc:2    | Noticed Nessos
 21582 | Orc:2    | Noticed Saint Roka
 21930 | Orc:2    | Killed Nessos
 22190 | Orc:2    | Noticed an Executioner
 22333 | Orc:2    | Noticed an Executioner
 22478 | Orc:2    | Gained mutation: Your body sometimes deteriorates upon taking damage. [a cacodemon]
 22593 | Orc:2    | Noticed an Executioner
 23012 | Orc:2    | Killed Saint Roka
 23109 | Orc:2    | Reached skill level 15 in Axes
 23123 | Orc:2    | Found Nemag's Armour Emporium.
 23123 | Orc:2    | Found Byzo's General Store.
 23125 | Orc:2    | Found Imediona's Distillery.
 23125 | Orc:2    | Found Luclufy's Book Boutique.
 23133 | Orc:2    | Bought 2 potions of heal wounds for 160 gold pieces
 23133 | Orc:2    | Bought 2 potions of haste for 320 gold pieces
 23133 | Orc:2    | Bought a potion of lignification for 48 gold pieces
 23133 | Orc:2    | Bought a potion of agility for 64 gold pieces
 23133 | Orc:2    | Bought 2 potions of curing for 96 gold pieces
 23133 | Orc:2    | Bought a potion of heal wounds for 80 gold pieces
 23133 | Orc:2    | Bought a potion of curing for 48 gold pieces
 23136 | Orc:2    | Bought a scroll of recharging for 114 gold pieces
 23136 | Orc:2    | Bought a potion of might for 48 gold pieces
 23136 | Orc:2    | Bought a scroll of identify for 24 gold pieces
 23138 | Orc:2    | Bought a book of Transfigurations for 550 gold pieces
 23147 | Orc:2    | Learned a level 6 spell: Statue Form
 23151 | Orc:2    | Reached skill level 5 in Unarmed Combat
 23151 | Orc:2    | Reached XP level 17. HP: 119/119 MP: 28/28
 23739 | Spider:1 | Entered Level 1 of the Spider Nest
 23850 | Spider:1 | Reached skill level 1 in Transmutations
 23898 | Spider:1 | Reached skill level 1 in Earth Magic
 25375 | Spider:2 | Gained mutation: Your flesh is heat resistant. (rF+) [potion of beneficial mutation]
 25376 | Spider:2 | Gained mutation: One of your tentacles bears a nasty spike. [potion of beneficial mutation]
 25569 | Spider:2 | Reached XP level 18. HP: 63/126 MP: 27/30
 25739 | Spider:2 | Reached skill level 5 in Transmutations
 26685 | Spider:4 | Entered Level 4 of the Spider Nest
 28427 | Spider:4 | Got a gossamer rune of Zot
 28911 | Vaults:1 | Entered Level 1 of the Vaults
 28917 | Vaults:1 | Learned a level 1 spell: Apportation
 29243 | Vaults:1 | Reached skill level 5 in Earth Magic
 29337 | Vaults:1 | Noticed a Brimstone Fiend
 29338 | Vaults:1 | Noticed a Tzitzimitl
 29347 | Vaults:1 | Reached XP level 19. HP: 115/131 MP: 33/33
 29467 | Vaults:1 | Reached skill level 10 in Unarmed Combat
 29583 | Vaults:1 | Found Tyilum's Magic Scroll Shop.
 29594 | Vaults:1 | Bought a scroll of enchant weapon for 135 gold pieces
 29715 | Vaults:1 | Identified a scroll of acquirement
 29716 | Vaults:1 | Got a smoking shield
 29728 | Vaults:1 | Identified the +0 shield of Immorality {rPois} (You acquired it on level 1 of the Vaults)
 30301 | Vaults:2 | Lost mutation: One of your tentacles bears a nasty spike. [mutagenic meat]
 30302 | Vaults:2 | Lost mutation: You have an increased reservoir of magic. (+10% MP) [mutagenic meat]
 30303 | Vaults:2 | Gained mutation: You have supernaturally acute eyesight. (SInv) [mutagenic meat]
 30345 | Vaults:2 | Reached skill level 10 in Transmutations
 30588 | Vaults:2 | Mangled by a yaktaur captain

Skill      XL: |  1  2  3  4  5  6  7  8  9 10 11 12 13 14 15 16 17 18 19 |
---------------+----------------------------------------------------------+-----
Short Blades   | 1 2 3 4 5 6 7 8 |  8.6
Axes           | 3 4 5 6 8 9 10 11 12 13 14 15 | 15.0
Fighting       | 4 5 6 7 8 9 10 11 12 | 12.0
Dodging        | 4 5 6 7 8 9 10 11 12 | 12.0
Shields        | 4 5 6 7 8 9 10 11 12 | 12.0
Stealth        | 4 6 8 10 11 12 | 12.8
Invocations    | 3 5 7 8 |  8.0
Spellcasting   | 1 3 5 6 7 8 |  8.7
Unarmed Combat | 5 7 9 11 | 11.2
Transmutations | 4 8 10 | 10.1
Earth Magic    | 2 5 6 |  6.6

Action                   |  1- 3 |  4- 6 |  7- 9 | 10-12 | 13-15 | 16-18 | 19-21 || total
-------------------------+-------+-------+-------+-------+-------+-------+-------++-------
Melee: War axe           |    28 |       |       |       |   523 |   939 |   223 ||  1713
       Constrict         |    14 |    39 |    43 |    67 |    84 |   183 |    32 ||   462
       Tentacles         |     5 |    24 |    63 |   154 |   365 |   303 |    75 ||   989
       Dagger            |    23 |   126 |   220 |   506 |   234 |     1 |       ||  1110
       Kick              |       |     2 |   101 |   248 |   542 |   453 |   126 ||  1472
       Unarmed           |       |       |       |     5 |       |       |       ||     5
       Falchion          |       |       |       |       |   195 |       |       ||   195
       Punch             |       |       |       |       |       |    81 |    28 ||   109
Invok: Greater Servant o |       |       |       |       |     4 |     7 |       ||    11
       Lesser Servant of |       |       |       |       |     2 |       |       ||     2
 Abil: Evoke Flight      |       |       |       |       |       |     1 |       ||     1
Evoke: Wand              |       |       |     3 |    11 |     9 |    27 |     2 ||    52
       Lamp of fire      |       |       |       |       |       |       |     1 ||     1
  Use: Potion            |       |     5 |     4 |     5 |    10 |    11 |     2 ||    37
       Scroll            |       |       |    14 |     7 |    18 |    11 |     2 ||    52
 Stab: Sleeping          |     5 |     3 |    13 |    38 |    44 |    30 |     6 ||   139
       Distracted        |       |     1 |       |     1 |    11 |     7 |       ||    20
       Invisible         |       |       |     4 |       |     4 |       |       ||     8
       Paralysed         |       |       |       |     1 |       |       |       ||     1
  Eat: Chunk             |       |     6 |     8 |    15 |    18 |     8 |     5 ||    60
       Pizza             |       |       |     1 |       |     3 |       |       ||     4
       Beef jerky        |       |       |     1 |       |    12 |     4 |     1 ||    18
       Fruit             |       |       |       |       |       |    19 |       ||    19
       Royal jelly       |       |       |       |       |       |     1 |       ||     1
Armor: Skin              |     3 |     3 |    10 |    40 |    57 |   173 |    13 ||   299
Dodge: Dodged            |    15 |    39 |    86 |   190 |   420 |   542 |   115 ||  1407
Block: Shield            |    14 |    46 |    93 |   212 |   534 |   688 |   158 ||  1745
       Rpst.: Falchion   |       |       |       |       |    22 |       |       ||    22
